 Seeded DCSS version 0.30.1-5-ged363bc7ee (webtiles) character file.

Game seed: 69 (custom seed)

3670 Psyclone the Thaumaturge (level 9, -2/59 HPs)
             Began as a Deep Elf Ice Elementalist on Sept 19, 2023.
             Was an Initiate of Gozag.
             Slain by ShellytheWitch's ghost (4 damage)
             ... on level 7 of the Dungeon.
             The game lasted 00:39:03 (8431 turns).

Psyclone the Thaumaturge (DEIE)                     Turns: 8431, Time: 00:39:04

Health: -2/59      AC: 16    Str:  5    XL:     9   Next: 89%
Magic:  16/23      EV: 16    Int: 25    God:    Gozag
Gold:   796        SH:  5    Dex: 15    Spells: 18/25 levels left

rFire   . . .        t - +1 dagger (elec)
rCold   + . .        (no shield)
rNeg    . . .        B - +2 robe {rC+}
rPois   .            a - +0 helmet
rElec   .            y - +0 cloak
rCorr   .            (no gloves)
SInv    .            v - +1 pair of boots
Will    .....        i - amulet of reflection
Stlth   ++           u - +4 ring of slaying
HPRegen 1.09/turn    (no ring)
MPRegen 0.18/turn

%: reflection, clarity
@: ice-armoured, gold aura, freezing walls, hasted, unable to drink, very quick
A: clarity, regeneration 1, inability to drink after injury 1, MP-powered wands
a: Renounce Religion, Potion Petition, Call Merchant, Bribe Branch


You were on level 7 of the Dungeon.
You worshipped Gozag.
Gozag was pleased with you.
You visited 2 branches of the dungeon, and saw 8 of its levels.
You also visited: Sewer.

You collected 874 gold pieces.
You paid 78 gold pieces to Gozag.

Inventory:

Hand Weapons
 t - a +1 dagger of electrocution (weapon)
Missiles
 g - 3 datura-tipped darts
 k - 23 poisoned darts
 o - a throwing net {!f}
Armour
 a - a +0 helmet (worn)
 v - a +1 pair of boots (worn)
 y - a +0 cloak (worn)
 B - a +2 robe of cold resistance (worn)
Magical Staves
 p - a staff of air
 w - a staff of poison
Jewellery
 i - an amulet of reflection (around neck)
 q - a ring of fire
 u - a +4 ring of slaying (left hand)
Wands
 j - a wand of light (10)
Scrolls
 e - a scroll of butterflies
 l - 3 scrolls of amnesia
 m - 3 scrolls of noise
 n - 2 scrolls of teleportation
 s - 2 scrolls of enchant armour
 x - a scroll of identify {@r1}
 z - a scroll of enchant weapon
 A - a scroll of immolation
 C - a scroll of blinking
Potions
 b - 2 potions of magic
 c - 3 potions of haste
 d - a potion of curing
 f - 2 potions of flight
 h - 3 potions of heal wounds
 r - 3 potions of cancellation


   Skills:
 - Level 8.0 Fighting
 - Level 8.0 Dodging
 - Level 2.4 Stealth
 + Level 8.5 Spellcasting
 + Level 7.8 Ice Magic


You had 18 spell levels left.
You knew the following spells:

 Your Spells              Type           Power      Damage    Failure   Level
a - Frozen Ramparts       Ice            98%        1d15      1%          3
b - Freeze                Ice            100%       1d10      1%          1
c - Ozocubu's Armour      Ice            49%        N/A       1%          3

Your spell library contained the following spells:

 Spells                   Type           Power      Damage    Failure   Level
 Summon Ice Beast         Ice/Summ       30%        N/A       12%         4
 Stone Arrow              Conj/Erth      20%        3d8       17%         3
 Animate Armour           Summ/Erth      20%        N/A       50%         4
 Lehudib's Crystal Spear  Conj/Erth      5%         10d3      100%        8


Dungeon Overview and Level Annotations

Branches:
Dungeon (7/15) Zot: 25676  Temple (1/1) D:5 Zot: 5595   Sewer (visited)

Altars:
Ashenzari
Cheibriados
Elyvilon
Fedhas
Gozag
Hepliaklqana
Kikubaaqudgha
Makhleb
Nemelex Xobeh
Okawaru
Qazlal
Sif Muna
Trog
Uskayaw
Vehumet
Wu Jian
Xom
Yredelemnul
Zin
The Shining One

Shops:
D:4 :   D:5 *

Portals:
Abyss: D:7

Annotations:
D:4 1 runed translucent door, Kurtz's ghost, amateur TeFi
D:7 1 transporter, ShellytheWitch's ghost, novice MiBe


Innate Abilities, Weirdness & Mutations

You possess an exceptional clarity of mind.
Your natural rate of healing is unusually fast.
You occasionally lose the ability to drink potions when taking damage.
You expend magic power (3 MP) to strengthen your wands.


Message History

You hit ShellytheWitch's ghost but do no damage.
ShellytheWitch's ghost is severely damaged.
ShellytheWitch's ghost hits you but does no damage.
Casting: Frozen Ramparts (safe; 1% risk of failure)
Confirm with . or Enter, or press ? or * to list all spells.
Casting: Frozen Ramparts (safe; 1% risk of failure)
Press: ? - help, Dir - look around, f - activate A transporter landing site, spattered with blood.
The walls around you are covered in ice.
You hear a shout!
ShellytheWitch's ghost resists.
The wall freezes ShellytheWitch's ghost.
ShellytheWitch's ghost hits you!
You feel threatened and lose the ability to drink potions!
ShellytheWitch's ghost freezes you.
* * * LOW HITPOINT WARNING * * *
You take 13 damage, and have 17/59 hp.
MASSIVE DAMAGE!!
You now have 16/22 mp.
You barely miss ShellytheWitch's ghost.
ShellytheWitch's ghost is severely damaged.
ShellytheWitch's ghost resists.
The wall freezes ShellytheWitch's ghost.
You block ShellytheWitch's ghost's attack.
You hit ShellytheWitch's ghost.
ShellytheWitch's ghost is almost destroyed.
The wall freezes the green ugly thing.
You kill the green ugly thing!
Your Spellcasting skill increases to level 8!
You hit ShellytheWitch's ghost.
ShellytheWitch's ghost is almost destroyed.
The wall freezes ShellytheWitch's ghost but does no damage.
ShellytheWitch's ghost completely misses you.
You hit ShellytheWitch's ghost.
ShellytheWitch's ghost is almost destroyed.
ShellytheWitch's ghost resists.
The wall freezes ShellytheWitch's ghost.
ShellytheWitch's ghost hits you!!
* * * LOW HITPOINT WARNING * * *
ShellytheWitch's ghost freezes you.
You die...
Your body crumbles into a pile of gold.

........#######..#...#.#
##...............##.##.#
#[##..######.#.###.##.# #.##.##
#.#.# #.##.#
#.##.#######.#.###....#
#.....................#
#.....................#
##...###.......####....#
....##!###...###@.#....# .#..#...
#..##.W###...##
)#..##..#####.#$.#....#
.#...##.^.....##.##..|#
.#....##.#∩.#.# #.##..#
......©#©##.... #..#..# #####
.#...###...###.#####..#######....
.#..## . ###.##. #...##........#
.#..###.##....#..##...##.####.#.#


You could see ShellytheWitch's ghost.

Vanquished Creatures
  An ugly thing (D:7)
  3 water moccasins
  An orc warrior (D:7)
  3 ice beasts
  2 sky beasts (D:7)
  2 small abominations (D:7)
  3 ogres
  4 phantoms
  3 kobold brigands
  A bullfrog (D:7)
  A scorpion (D:6)
  6 wights
  A howler monkey (D:6)
  A gnoll bouda (D:4)
  4 hounds
  5 orc priests
  Crazy Yiuf (D:6)
  A jelly (D:6)
  Jessica (D:2)
  Natasha (D:4)
  3 iguanas
  7 orc wizards
  7 gnolls
  9 adders
  2 river rats (D:5)
  A white imp (D:7)
  4 ufetubi
  A worm (D:5)
  3 dart slugs
  25 orcs
  12 bats
  4 endoplasms
  6 giant cockroaches
  4 goblins
  13 hobgoblins
  10 jackals
  7 quokkas
  8 ball pythons
  5 frilled lizards
  25 kobolds
  9 rats
210 creatures vanquished.

Notes
Turn   | Place    | Note
-------+----------+-------------------------------------------
     0 | D:1      | Psyclone the Deep Elf Ice Elementalist began the quest for
                  | the Orb.
     0 | D:1      | Reached XP level 1. HP: 10/10 MP: 6/6
   258 | D:1      | Reached XP level 2. HP: 15/15 MP: 6/8
   304 | D:1      | Reached skill level 5 in Ice Magic
   637 | D:1      | Found a faded altar of an unknown god.
  1245 | D:2      | Reached XP level 3. HP: 19/19 MP: 9/9
  1252 | D:2      | Learned a level 3 spell: Frozen Ramparts
  1256 | D:2      | Learned a level 3 spell: Ozocubu's Armour
  1874 | D:2      | Reached XP level 4. HP: 20/24 MP: 7/11
  2190 | D:2      | You fall into a shaft and drop 2 floors!
  2217 | D:4      | Found a runed translucent door.
  2217 | D:4      | Noticed Kurtz's ghost (amateur TeFi)
  2223 | D:4      | Noticed an ogre
  2295 | D:4      | Reached skill level 5 in Spellcasting
  2295 | D:4      | Reached XP level 5. HP: 4/28 MP: 7/14
  2574 | D:4      | Found Habibouru's Book Boutique.
  2666 | D:4      | Noticed Natasha
  2668 | D:4      | Killed Natasha
  2882 | D:4      | Killed an ogre
  2883 | D:4      | Reached XP level 6. HP: 32/32 MP: 6/17
  3199 | D:3      | Reached skill level 5 in Dodging
  3859 | D:3      | Reached XP level 7. HP: 36/36 MP: 14/18
  4139 | D:3      | Found a bloodstained altar of Trog.
  4282 | D:2      | Noticed Jessica
  4285 | D:2      | Killed Jessica
  4389 | D:5      | Entered Level 5 of the Dungeon
  4414 | D:5      | Gained mutation: Your natural rate of healing is unusually
                  | fast. [potion of mutation]
  4414 | D:5      | Gained mutation: You expend magic power (3 MP) to
                  | strengthen your wands. [potion of mutation]
  4414 | D:5      | Gained mutation: You occasionally lose the ability to drink
                  | potions when taking damage. [potion of mutation]
  4414 | D:5      | Gained mutation: You possess an exceptional clarity of
                  | mind. [potion of mutation]
  4628 | D:5      | Found a glowing drain.
  4636 | Sewer    | Entered a sewer
  4900 | Sewer    | Reached skill level 1 in Fighting
  4987 | D:5      | Found Siaroal's Assorted Antiques.
  5004 | D:5      | Found a staircase to the Ecumenical Temple.
  5067 | Temple   | Entered the Ecumenical Temple
  5400 | Temple   | Became a worshipper of Gozag Ym Sagoz the Greedy
  5690 | D:5      | Reached XP level 8. HP: 24/46 MP: 15/19
  5996 | D:5      | Found a sparkling altar of Nemelex Xobeh.
  6016 | D:5      | Found an ancient bone altar of Kikubaaqudgha.
  6227 | D:6      | Reached skill level 5 in Fighting
  6598 | D:6      | Found a runed translucent door.
  6599 | D:6      | Noticed Crazy Yiuf
  6611 | D:6      | Killed Crazy Yiuf
  6874 | D:6      | Reached XP level 9. HP: 47/55 MP: 18/20
  6930 | D:6      | Identified the +1 dagger "Weyhecs" {antimagic, rF+}
  7640 | D:7      | Found a one-way gate to the infinite horrors of the Abyss.
  7640 | D:7      | Noticed ShellytheWitch's ghost (novice MiBe)
  7684 | D:7      | Found a transporter.
  7696 | D:7      | Found a transporter.
  7704 | D:7      | Noticed a green ugly thing
  8429 | D:7      | Killed a green ugly thing
  8431 | D:7      | HP: 2/59 [ShellytheWitch's ghost (18)]
  8431 | D:7      | Slain by ShellytheWitch's ghost

Illustrated notes

Levels and vault maps discovered:
D:1:      minmay_arrival_nine_rooms, layout_basic,
          dreamdust_ecumenical_altar_sealed_demon
D:2:      layout_loops_ring, minivault_11, uniq_jessica
D:3:      layout_loops_cross, mainiacjoe_overflow_catwalk, serial_bayou_pond_a
D:4:      layout_basic, serial_shops, shop, hellmonk_ghost_happy_afterlife,
          uniq_natasha
D:5:      layout_basic, mainiacjoe_overflow_two_lobes,
          minmay_temple_entry_arrows, lightli_sewer_entry_pipes, serial_shops,
          nicolae_shop_statue_plus
D:6:      layout_gridville, abandoned_shop, roderic_serpentine_path,
          minmay_starry_boxes, uniq_crazy_yiuf_cottage
D:7:      layout_loops_ring, gammafunk_ghost_abyssal_escape, skrybe_limestone_x,
          kennysheep_small_circle
Temple:   minmay_temple_bridge_d

Skill      XL: |  1  2  3  4  5  6  7  8  9 |
---------------+----------------------------+-----
Ice Magic      | 5 6 7 |  7.8
Spellcasting   | 5 6 8 |  8.5
Dodging        | 4 6 8 |  8.0
Fighting       | 3 6 8 |  8.0
Stealth        | |  2.4

Action                     |  1- 3 |  4- 6 |  7- 9 || total
---------------------------+-------+-------+-------++-------
  Melee: Unarmed           |     9 |       |       ||     9
         Dagger            |    29 |    49 |   286 ||   364
         Punch             |       |     1 |     4 ||     5
   Cast: Freeze            |    34 |     6 |     8 ||    48
         Frozen Ramparts   |    12 |    25 |    64 ||   101
         Ozocubu's Armour  |       |     3 |    22 ||    25
    Use: Potion            |     4 |     3 |     7 ||    14
         Scroll            |     3 |     7 |     4 ||    14
   Stab: Sleeping          |       |     1 |     1 ||     2
         Distracted        |       |       |     1 ||     1
 Armour: Robe              |    12 |    11 |    60 ||    83
  Dodge: Dodged            |    47 |    52 |   232 ||   331
  Block: Other             |     1 |    18 |    76 ||    95
         Reflection        |       |     2 |     1 ||     3
